woodfighter, chaotic female elven Priestess -------------------- |........|...|.....| |....%-`.|.-.|.....| |..|..%..|``.|.....| |-.|..-.`|.-.|..<..| |...--.......|.....| |...|...-...-|.....| |...|..|...--|.....| |-@.|..-----------+| |..`............^^.| |...|.>------------- -------- woodfighter the Adept Experience level: 6 Strength: 13 Dexterity: 10 Constitution: 17 Intelligence: 21 Wisdom: 9 Charisma: 9 Health: 0(50) Energy: 11(59) Def: 5 Gold: 157 Moves: 4141 Dungeon seed: aZX0w2DQgztqXq84 Game ID: woodfighter_1490199241 Your Inventory: Coins $ - 157 gold pieces Weapons a - a blessed +1 mace (weapon in hand) Armor e - a +0 robe (being worn) n - a blessed +0 small shield (being worn) q - a +0 pair of elven boots (being worn) r - a +0 orcish helm (being worn) Comestibles c - a clove of garlic d - a sprig of wolfsbane m - 2 food rations L - 3 tripe rations Scrolls h - a scroll of gold detection Spellbooks Y - a spellbook of magic mapping Rings g - a cursed ring of teleportation k - a ring of shock resistance (on left hand) U - a ring of see invisible (on right hand) Z - a ring of teleport control Wands f - a wand of polymorph (0:6) G - a wand of striking (0:5) Tools u - a magic flute (0:7) y - a skeleton key Spells and supernatural/magical abilities: Name Level Category Fail Memory m - magic missile 2 attack 13% 95% p - protection 1 clerical 0% 80% w - wizard lock 2 matter 13% 95% I - identify 3 divination 0% 80% O - create monster 2 clerical 0% 80% U - detect unseen 3 divination 0% 93% W - pray for help -- divine ? -- X - turn undead -- divine ? -- Your skills at the end: Miscellaneous Skills shield [Basic] wands [Basic] Weapon Skills mace [Skilled] Spellcasting Skills divination spells [Basic] clerical spells [Basic] Final Attributes: You were piously aligned. You were sleep resistant. You were shock resistant. You saw invisible. You were telepathic. You had infravision. You were very stealthy. You are dead. Vanquished creatures: a xorn a small mimic 2 leprechauns 2 blue jellies 2 ponies a shrieker a gnome lord a red naga hatchling a black naga hatchling a ghoul a paper golem a puppy a floating eye a kitten 3 kobold shamans an iguana 5 rothes 2 centipedes a giant bat 2 monkeys a dwarf zombie 2 hobbits a large kobold 3 geckos a hobgoblin 4 giant rats a cave spider 2 green molds 5 garter snakes 11 manes a gnome zombie 10 jackals a kobold 4 newts a goblin 5 sewer rats 3 grid bugs 2 bats 4 lichens a kobold zombie 94 creatures vanquished. Voluntary challenges: You did not cause conflict. You were not invisible. You did not have reflection. You were not displaced. You had been an atheist until turn 2065. You used a wielded weapon 131 times, starting on turn 37. You did not apply a unicorn horn. You did not use plumbed fixtures. You did not drink any magical draughts. You read items or engraved 13 times, starting on turn 2615. You never genocided any monsters. You never polymorphed an object. You never changed form. You used no wishes. You never split a pudding. You never wrote Elbereth's name. You never violated your personal moral code. Dungeon overview: The Dungeons of Doom: levels 1 to 7 Level 1 some fountains a long staircase Level 2 Level 3 a fountain Level 4 some fountains stairs to The Gnomish Mines Level 5 Level 6 many fountains Level 7 stairs to Sokoban The Gnomish Mines: Level 5 stairs to The Dungeons of Doom Sokoban: levels 4 to 6 Level 4 <- You were here Level 5 Level 6 a magic chest stairs to The Dungeons of Doom History has recorded: On T:1 you entered the Dungeons of Doom to retrieve the Amulet of Yendor! On T:204 you reached level 2 of The Dungeons of Doom. On T:624 you reached level 3 of The Dungeons of Doom. On T:633 you advanced to experience level 2. On T:797 you reached level 4 of The Dungeons of Doom. On T:1042 you advanced to experience level 3. On T:1156 you reached level 5 of The Dungeons of Doom. On T:1380 you reached level 1 of The Gnomish Mines. On T:1571 you advanced to experience level 4. On T:2045 you reached level 6 of The Dungeons of Doom. On T:2065 you prayed to Poseidon. On T:2085 you reached level 7 of The Dungeons of Doom. On T:2230 you advanced to experience level 5. On T:2504 you reached level 4 of Sokoban. On T:2601 you opened a magic chest. On T:2936 you reached level 3 of Sokoban. On T:3382 you advanced to experience level 6. On T:3810 you reached level 2 of Sokoban. Score breakdown: Gold: 157 ( 15 points) Experience: 6 levels ( 500 points) Exploration: 7 levels ( 180 points) Discoveries: 31 items ( 1550 points) Variety of kills: 40 monsters ( 2000 points) Major goal: (nothing yet) ( 0 points) Survival: died (score multiplied by 3) Total score: 12735 Latest messages: With great effort you move the boulder. You see here a black naga hatchling corpse. With great effort you move the boulder. You see here a black naga hatchling corpse. With great effort you move the boulder. You see here 2 tripe rations. With great effort you move the boulder. You are beginning to feel hungry. With great effort you move the boulder. The boulder falls into and plugs a hole in the floor! That food really hit the spot! You finish eating the food ration. You see here a black naga hatchling corpse. With great effort you move the boulder. You see here 2 tripe rations. With great effort you move the boulder. You hit the blue jelly! (2x) You are suddenly very cold! You hit the blue jelly! (2x) You are suddenly very cold! You kill the blue jelly! The magic missile bounces! The magic missile hits you! You die... Final status: Goodbye woodfighter the Priestess, killed by a magic missile... You died in Sokoban on dungeon level 4 with 12735 points, and 157 pieces of gold, after 4141 moves. You were level 6 with a maximum of 50 hit points when you died.